 Dungeon Crawl Stone Soup version 0.18-a0-1035-g72c9994 (webtiles) character file.

34 Duffy the Chopper (level 3, -3/31 HPs)
             Began as a Hill Orc Fighter on Jan 9, 2016.
             Slain by a kobold
             ... wielding a +0 dagger
              (5 damage)
             ... on level 2 of the Dungeon.
             The game lasted 00:01:04 (1259 turns).

Duffy the Chopper (Hill Orc Fighter)                Turns: 1259, Time: 00:01:04

Health: -3/31      AC: -1    Str: 18    XL:     3   Next: 31%
Magic:  12/12      EV:  8    Int:  9    God:
Gold:   121        SH:  9    Dex: 10    Spells: 0 memorised, 2 levels left

rFire  . . .     SeeInvis .     a - +0 war axe
rCold  . . .     Gourm    .     (no armour)
rNeg   . . .     Faith    .     c - +0 shield
rPois  .         Spirit   .     (no helmet)
rElec  .         Dismiss  .     e - +0 cloak
rCorr  .         Reflect  .     (no gloves)
SustAt .         Harm     .     (no boots)
MR     .....                    (no amulet)
Stlth  +.........               p - -3 ring of protection (curse)
                                o - ring of magical power

@: not resistant to hostile enchantments, very unstealthy
A: no striking features
a: no special abilities


You were on level 2 of the Dungeon.
You were very hungry.

You visited 1 branch of the dungeon, and saw 2 of its levels.

You collected 121 gold pieces.


   Skills:
 - Level 3.6 Fighting
 + Level 4.9 Axes
 - Level 3.2 Armour
 - Level 3.2 Shields


You had 2 spell levels left.
You didn't know any spells.

Inventory:

Hand Weapons
 a - a +0 war axe (weapon)
Missiles
 n - 16 poisoned needles
Armour
 b - a +0 scale mail
 c - a +0 shield (worn)
 e - a +0 cloak (worn)
Jewellery
 o - a ring of magical power (left hand)
 p - a cursed -3 ring of protection (right hand)
Scrolls
 g - a scroll of remove curse {unknown}
 h - 3 scrolls of identify {unknown}
 k - a scroll of enchant armour {unknown}
Potions
 d - a potion of might
 j - a potion of agility {unknown}
 q - a potion of magic {unknown}
Comestibles
 f - a bread ration
 i - a beef jerky
 l - a meat ration
 m - a slice of pizza

Dungeon Overview and Level Annotations

Branches:
Dungeon (2/15)

Altars:
Nemelex Xobeh
Yredelemnul


Message History

You block the kobold's attack.
You finish taking off your +0 scale mail.
The kobold barely misses you. The kobold hits you with a dagger.
The kobold barely misses you. The kobold hits you with a dagger.
The kobold hits you with a dagger.
You are feeling very hungry.
The kobold barely misses you. You block the kobold's attack.
You block the kobold's attack. The kobold barely misses you.
The kobold completely misses you. The kobold hits you with a dagger.
You block the kobold's attack. The kobold hits you with a dagger.
The kobold hits you with a dagger. The kobold hits you with a dagger.
The kobold hits you with a dagger. You block the kobold's attack.
You block the kobold's attack. You block the kobold's attack.
You block the kobold's attack. The kobold barely misses you.
You block the kobold's attack. The kobold hits you with a dagger.
You block the kobold's attack. The kobold hits you with a dagger.
The kobold hits you with a dagger. The kobold hits you with a dagger.
The kobold hits you but does no damage. You block the kobold's attack.
The kobold hits you with a dagger. The kobold hits you with a dagger.
You die...

... #)# ###
.### #.# ..#E
#.# #)## #..#
##.# #%# #
######.#.###..
#.....@K......
.......$.......
....###.#.##.#.
... ..#.# # ..
###.# . #


You could see a kobold.

Action                   || total
-------------------------++-------
Melee: War axe           ||    55

Notes
Turn   | Place    | Note
--------------------------------------------------------------
     0 | D:1      | Duffy the Hill Orc Fighter began the quest for the Orb.
     0 | D:1      | Reached XP level 1. HP: 19/19 MP: 1/1
    84 | D:1      | Reached skill level 3 in Axes
   100 | D:1      | Reached XP level 2. HP: 23/26 MP: 2/2
   203 | D:1      | Reached skill level 4 in Axes
   758 | D:1      | Reached XP level 3. HP: 27/31 MP: 3/3
  1161 | D:2      | Noticed a water elemental
  1168 | D:2      | Found a basalt altar of Yredelemnul.
  1168 | D:2      | Found a sparkling altar of Nemelex Xobeh.
  1259 | D:2      | Slain by a kobold

Vault maps used:
D:1:      saegor_arrival_simple_b, minmay_quantized
D:2:      lemuel_upstairs_altar, nicolae_qazlal_style_of_elements,
          gammafunk_temple_overflow_elements, xom_teletrap_fun,
          uniq_crazy_yiuf_cottage

Vanquished Creatures
  2 giant geckos
  A ball python
  2 bats
  7 goblins
  6 hobgoblins
  3 kobolds
  A quokka
  A giant newt
  5 rats
28 creatures vanquished.
